 Dungeon Crawl Stone Soup version 0.31-a0-232-gb1c03b2570 (webtiles) character file.

Game seed: 5835767984018606242

85 qw the Shooter (level 4, -3/36 HPs)
             Began as a Minotaur Hexslinger on July 7, 2023.
             Slain by a scorpion (5 damage)
             ... on level 3 of the Dungeon.
             The game lasted 00:00:35 (2152 turns).

qw the Shooter (Minotaur Hexslinger)                Turns: 2152, Time: 00:00:36

Health: -3/36      AC:  5    Str: 12    XL:     4   Next: 25%
Magic:  4/4        EV: 11    Int: 10    God:
Gold:   178        SH:  0    Dex: 15    Spells: 4/5 levels left

rFire   . . .        Y - +1 sling
rCold   . . .        (no shield)
rNeg    . . .        a - +0 ring mail
rPois   .            (helmet restricted)
rElec   .            (no cloak)
rCorr   .            (no gloves)
SInv    .            (no boots)
Will    .....        (no amulet)
Stlth   +            (no ring)
HPRegen 0.26/turn    (no ring)
MPRegen 0.09/turn

%: no passive effects
@: lethally poisoned (-3 -> -6)
A: horns 2, retaliatory headbutt
a: no special abilities


You were on level 3 of the Dungeon.
You visited 1 branch of the dungeon, and saw 3 of its levels.

You collected 178 gold pieces.


Innate Abilities, Weirdness & Mutations

You have a pair of horns on your head.
You reflexively headbutt those who attack you in melee.


   Skills:
 - Level 2.0 Fighting
 + Level 4.6 Ranged Weapons
 - Level 1.0 Armour
 - Level 2.1 Dodging
 - Level 1.0 Spellcasting
 - Level 2.0 Hexes


You had 4 spell levels left.
You knew the following spells:

 Your Spells              Type           Power      Damage    Failure   Level
a - Slow                  Hex            16%        N/A       34%         1

Your spell library contained the following spells:

 Spells                   Type           Power      Damage    Failure   Level
 Inner Flame              Hex/Fire       2%         N/A       83%         3
 Portal Projectile        Hex/Tloc       4%         N/A       83%         3
 Cause Fear               Hex            2%         N/A       98%         4

Inventory:

Hand Weapons
 Y - a +1 sling (weapon)
Armour
 a - a +0 ring mail (worn)
Scrolls
 b - 2 scrolls of identify
Potions
 c - a potion of curing {unknown}
 g - a potion of lignification {unknown}
 h - a potion of might {unknown}

Dungeon Overview and Level Annotations

Branches:
Dungeon (3/15)

Altars:
Yredelemnul

Annotations:
D:3 1 transporter, qw's ghost, amateur GrHs


Message History

The scorpion is lightly wounded.
The scorpion barely misses you. The scorpion closely misses you.
You shoot a sling bullet. The sling bullet hits the scorpion.
The scorpion is moderately wounded.
The scorpion stings you. The scorpion closely misses you.
You shoot a sling bullet.
The sling bullet hits the scorpion but does no damage.
The scorpion is lightly wounded.
The scorpion closely misses you. You furiously retaliate!
You headbutt the scorpion. You shoot a sling bullet.
The sling bullet hits the scorpion.
The scorpion is heavily wounded.
The scorpion stings you.
You are poisoned.
The scorpion poisons you! The scorpion stings you.
You are more poisoned.
The scorpion poisons you!
You shoot a sling bullet.
The sling bullet completely misses the scorpion.
You feel extremely sick. The scorpion closely misses you.
You shoot a sling bullet.
The sling bullet barely misses the scorpion.
You feel very sick.
The scorpion stings you but does no damage. x2
You shoot a sling bullet.
The sling bullet hits the scorpion but does no damage.
The scorpion is moderately wounded.
You feel very sick.
The scorpion stings you but does no damage.
The scorpion stings you.
You shoot a sling bullet.
The sling bullet barely misses the scorpion.
You feel sick.
The scorpion stings you but does no damage.
You shoot a sling bullet.
The sling bullet hits the scorpion but does no damage.
The scorpion is moderately wounded.
You feel sick. The scorpion stings you.
You die...

### #.#
#################.#
#.................#
#.###############.#
#.# #@..........#
#.# #s###########
#.# .... #.#.....?.
#.#........
#.#.........
#.#..........
#.#...........
###.#


You could see a scorpion.

Vanquished Creatures
  4 adders
  3 dart slugs
  An orc (D:3)
  4 endoplasms
  A giant cockroach (D:1)
  4 goblins
  5 hobgoblins
  3 jackals (D:1)
  A kobold (D:3)
  4 quokkas
  4 ball pythons
  3 frilled lizards
  3 rats
40 creatures vanquished.

Notes
Turn   | Place    | Note
-------+----------+-------------------------------------------
     0 | D:1      | qw the Minotaur Hexslinger began the quest for the Orb.
     0 | D:1      | Reached XP level 1. HP: 16/16 MP: 1/1
     0 | D:1      | 0 ||| qw: Version: 0.3-a-46-gb1f654a
     0 | D:1      | 0 ||| qw: Game counter: 2481
     0 | D:1      | 0 ||| qw: Melee chars always use a shield: true
     0 | D:1      | 0 ||| qw: God list: Okawaru
     0 | D:1      | 0 ||| qw: Allow faded altars: false
     0 | D:1      | 0 ||| qw: Do Orc after clearing Dungeon:15 true
     0 | D:1      | 0 ||| qw: Do second Lair branch before Depths: true
     0 | D:1      | 0 ||| qw: Lair rune preference: random
     0 | D:1      | 0 ||| qw: Goals: Normal
     0 | D:1      | 0 ||| PLANNING D:1-11
   129 | D:1      | Reached skill level 3 in Ranged Weapons
   137 | D:1      | Reached XP level 2. HP: 23/23 MP: 2/2
   684 | D:1      | 684 ||| READING scroll labelled EJIYTU JIDGHYAG.
   685 | D:1      | 685 ||| DROPPING scroll of poison.
   827 | D:2      | Reached XP level 3. HP: 25/29 MP: 3/3
  1021 | D:2      | Reached skill level 4 in Ranged Weapons
  1590 | D:2      | 1590 ||| UPGRADING to +0 ring mail.
  1600 | D:2      | 1600 ||| DROPPING +0 robe.
  1601 | D:2      | 1601 ||| READING scroll labelled GYKHLU URAMM.
  1602 | D:2      | 1602 ||| READING 3 scrolls of identify.
  1602 | D:2      | 1602 ||| IDENTIFYING smoky yellow potion
  1603 | D:2      | 1603 ||| READING 2 scrolls of identify.
  1603 | D:2      | 1603 ||| IDENTIFYING white potion
  1604 | D:2      | 1604 ||| DROPPING potion of degeneration.
  1605 | D:2      | 1605 ||| DROPPING potion of ambrosia.
  1671 | D:3      | Reached skill level 1 in Armour
  1725 | D:3      | Reached XP level 4. HP: 36/36 MP: 4/4
  1833 | D:3      | Found a transporter.
  1836 | D:3      | Noticed qw's ghost (amateur GrHs)
  1953 | D:3      | Found a faded altar of an unknown god.
  2086 | D:3      | Found a basalt altar of Yredelemnul.
  2140 | D:3      | Noticed a scorpion
  2150 | D:3      | HP: 6/36 [scorpion (6)]
  2152 | D:3      | HP: 2/36 [poisoned by a scorpion]
  2152 | D:3      | Slain by a scorpion

Levels and vault maps discovered:
D:1:      dpeg_arrival_short_road, layout_basic
D:2:      layout_loops_corners
D:3:      layout_basic, mainiacjoe_overflow_cross_hatched,
          lightli_temple_of_fire, gammafunk_ghost_mausoleum,
          nicolae_ecumenical_oubliette, minmay_unequal

Skill      XL: |  1  2  3 |
---------------+----------+-----
Ranged Weapons | 3 4 |  4.6
Fighting       | 2 |  2.0
Armour         | 1 |  1.0
Dodging        | |  2.1
Spellcasting   | |  1.0
Hexes          | |  2.0

Action                     |  1- 3 |  4- 6 || total
---------------------------+-------+-------++-------
   Fire: Sling             |    97 |    26 ||   123
    Use: Scroll            |     4 |       ||     4
 Armour: Robe              |     8 |       ||     8
         Ring mail         |     5 |     9 ||    14
  Dodge: Dodged            |    31 |    10 ||    41

Table legend:
 A = Non-vault XP
 B = Vault XP
 C = Vault XP percentage of total XP
 D = Non-vault monster count
 E = Vault monster count
 F = Vault count percentage of total count
                 A         B        C        D         E       F
            +---------+---------+-------+---------+---------+-------
      Total |     120 |       2 |   1.6 |      39 |       1 |   2.5
            +---------+---------+-------+---------+---------+-------
        D:1 |      32 |       0 |   0.0 |      19 |       0 |   0.0
        D:2 |      47 |       0 |   0.0 |      11 |       0 |   0.0
        D:3 |      41 |       2 |   4.7 |       9 |       1 |  10.0
            +---------+---------+-------+---------+---------+-------
